 Dungeon Crawl Stone Soup version 0.29-a0-321-gf1c400731a (webtiles) character file.

Game seed: 17456914440753467741

16 dolemite99 the Firebug (level 2, -1/30 HPs)
             Began as a Gnoll Fire Elementalist on Apr 3, 2022.
             Slain by an adder (2 damage)
             ... on level 1 of the Dungeon.
             The game lasted 00:01:07 (1151 turns).

dolemite99 the Firebug (Gnoll Fire Elementalist)    Turns: 1151, Time: 00:01:07

Health: -1/30      AC:  2    Str:  7    XL:     2   Next: 54%
Magic:  7/7        EV: 13    Int: 14    God:
Gold:   46         SH:  0    Dex: 12    Spells: 7/10 levels left

rFire   + . .      SeeInvis .   g - +1 short sword (holy)
rCold   + . .      Faith    .   (no shield)
rNeg    . . .      Spirit   .   a - +0 robe
rPois   +          Reflect  .   (no helmet)
rElec   +          Harm     .   (no cloak)
rCorr   +          Rampage  .   (no gloves)
Will    .....                   (no boots)
Stlth   ..........              (no amulet)
HPRegen 0.10/turn               (no ring)
MPRegen 0.10/turn               (no ring)

@: berserking, resistant, very quick
A: fangs 1, strong nose, distributed training
a: no special abilities


You were on level 1 of the Dungeon.
You visited 1 branch of the dungeon, and saw 2 of its levels.

You collected 46 gold pieces.

Inventory:

Hand Weapons
 d - a +0 spear
 g - a +1 short sword of holy wrath (weapon)
 m - a +0 dagger of flaming
Missiles
 e - 40 stones
 l - a throwing net
Armour
 a - a +0 robe (worn)
 j - a +0 buckler
Scrolls
 c - a scroll of vulnerability {unknown}
 i - a scroll of amnesia {unknown}
Potions
 k - a potion of heal wounds {unknown}


   Skills:
 + Level 0.4 Fighting
 + Level 0.4 Short Blades
 + Level 0.4 Long Blades
 + Level 0.4 Axes
 + Level 0.4 Maces & Flails
 + Level 0.4 Polearms
 + Level 0.4 Staves
 + Level 0.4 Slings
 + Level 0.4 Bows
 + Level 0.4 Crossbows
 + Level 0.4 Throwing
 + Level 0.4 Armour
 + Level 4.5 Dodging
 + Level 4.1 Stealth
 + Level 0.4 Shields
 + Level 0.4 Unarmed Combat
 + Level 4.9 Spellcasting
 + Level 2.0 Conjurations
 + Level 0.2 Hexes
 + Level 0.2 Summonings
 + Level 0.2 Necromancy
 + Level 0.2 Translocations
 + Level 0.2 Transmutations
 + Level 5.3 Fire Magic
 + Level 0.2 Ice Magic
 + Level 0.2 Air Magic
 + Level 0.2 Earth Magic
 + Level 0.2 Poison Magic
 + Level 0.5 Invocations
 + Level 0.4 Evocations


You had 7 spell levels left.
You knew the following spells:

 Your Spells              Type           Power      Damage    Failure   Level
a - Scorch                Fire           36%        2d6       3%          2
b - Foxfire               Conj/Fire      52%        2x1d6     3%          1

Your spell library contained the following spells:

 Spells                   Type           Power      Damage    Failure   Level
 Conjure Flame            Conj/Fire      13%        6-21      12%         3
 Inner Flame              Hex/Fire       11%        N/A       17%         3
 Flame Wave               Conj/Fire      13%        2d6       36%         4


Dungeon Overview and Level Annotations

Branches:
Dungeon (2/15)

Altars:


Innate Abilities, Weirdness & Mutations

You have very sharp teeth.
Your uncanny sense of smell can sniff out nearby items.
Your experience applies equally to all skills.


Message History

Confirm with . or Enter, or press ? or * to list all spells.
Flames lash the adder.
The adder hisses angrily.
The adder is lightly wounded.
The adder's fire resistance burns away.
The adder bites you.
You are poisoned.
The adder poisons you!
Casting: Scorch (safe; 3% risk of failure)
Confirm with . or Enter, or press ? or * to list all spells.
Flames lash the hobgoblin.
The hobgoblin is heavily wounded.
The hobgoblin's fire resistance burns away.
You feel sick.
The adder is no longer more vulnerable to fire.
The adder bites you. The adder misses you.
An adder comes into view.
You feel sick. The adder bites you.
A giant cockroach comes into view.
Casting: Scorch (safe; 3% risk of failure)
Confirm with . or Enter, or press ? or * to list all spells.
You don't have enough magic to cast this spell.
You feel sick.
The hobgoblin is no longer more vulnerable to fire.
The hobgoblin hits you.
There is a stone staircase leading up here.
You feel sick. The hobgoblin closely misses you.
You climb upwards.
You feel sick.
There is a stone staircase leading down here.
Magic courses through your body.
You feel sick.
You are no longer poisoned.
The adder closely misses you. x2; The hobgoblin hits you.
* * * LOW HITPOINT WARNING * * *
It was a potion of resistance.
You feel protected. The adder barely misses you. The hobgoblin misses you.
It was a potion of berserk rage.
A red film seems to cover your vision as you go berserk!
You feel yourself moving faster!
You feel mighty! The adder bites you.
You die...

#.# #.# #.# # #.# #.# ##.##
# #.# #.# #...# # #.# #.#
#...# #.#
#########.#####...#
#.######............####.#
#........#######.##.# #.#
#..#############.##.# #.#
#..##.>.^.g@S....##.####.##
#..##.#######.............##
#..##.##......#####.####..##
#.†##........## #..# #....
#..#####.###.# ##.# #....
#............# #.# #..#.
##.#####.##..#######.###..#.
#.# #.##...............).
#.# #.###.#######.###.#..


You could see an adder and a hobgoblin.

Vanquished Creatures
  2 ball pythons
  2 endoplasms (D:1)
  2 goblins (D:1)
  A hobgoblin (D:1)
  3 quokkas (D:1)
  A bat (D:1)
  2 kobolds (D:1)
  A rat (D:1)
14 creatures vanquished.

Vanquished Creatures (others)
  13 foxfires (D:1)
13 creatures vanquished.

Grand Total: 27 creatures vanquished

Notes
Turn   | Place    | Note
-------+----------+-------------------------------------------
     0 | D:1      | dolemite99 the Gnoll Fire Elementalist began the quest for
                  | the Orb.
     0 | D:1      | Reached XP level 1. HP: 13/13 MP: 6/6
   277 | D:1      | Reached XP level 2. HP: 19/19 MP: 5/7
   391 | D:1      | Learned a level 2 spell: Scorch
  1149 | D:1      | HP: 1/20 [hobgoblin (3)]
  1151 | D:1      | Slain by an adder

Illustrated notes

Levels and vault maps discovered:
D:1:      dpeg_arrival_long_road, layout_loops_ring
D:2:      layout_loops_ring

Skill      XL: |  1 |
---------------+----+-----
Conjurations   | 2 |  2.0
Fighting       | |  0.4
Short Blades   | |  0.4
Long Blades    | |  0.4
Axes           | |  0.4
Maces & Flails | |  0.4
Polearms       | |  0.4
Staves         | |  0.4
Slings         | |  0.4
Bows           | |  0.4
Crossbows      | |  0.4
Throwing       | |  0.4
Armour         | |  0.4
Dodging        | |  4.5
Stealth        | |  4.1
Shields        | |  0.4
Unarmed Combat | |  0.4
Spellcasting   | |  4.9
Hexes          | |  0.2
Summonings     | |  0.2
Necromancy     | |  0.2
Translocations | |  0.2
Transmutations | |  0.2
Fire Magic     | |  5.3
Ice Magic      | |  0.2
Air Magic      | |  0.2
Earth Magic    | |  0.2
Poison Magic   | |  0.2
Invocations    | |  0.5
Evocations     | |  0.4

Action                   || total
-------------------------++-------
Melee: Short sword       ||     2
       Unarmed           ||     1
 Cast: Foxfire           ||     7
       Scorch            ||    12
  Use: Potion            ||     3
 Stab: Sleeping          ||     1
Armor: Robe              ||     2
Dodge: Dodged            ||    18

Table legend: (Time is in decaauts)
 A = Elapsed time spent in this place.
 B = Non-inter-level travel time spent in this place.
 C = Inter-level travel time spent in this place.
 D = Time resting spent in this place.
 E = Time spent auto-exploring this place.
 F = Levels seen in this place.
 G = Mean time per level.
                   A        B        C        D        E       F      G
               +--------+--------+--------+--------+--------+-----+--------+
         Total |   1150 |   1110 |     40 |    245 |    691 |   2 |  575.0 |
       Dungeon |   1150 |   1110 |     40 |    245 |    691 |   2 |  575.0 |
               +--------+--------+--------+--------+--------+-----+--------+

Top non-repeatable levels by time:
     D:1: 1140 daAuts
     D:2: 9 daAuts
